 Dungeon Sprint DCSS version 0.29-a0-222-g5b244fca1f (webtiles) character file.

Game seed: 2932143330131083593

3789 mhtbhm the Basher (level 10, 0/74 HPs)
             Began as a Gargoyle Berserker on Feb 27, 2022.
             Was a High Priest of Trog.
             Slain by an orc priest
             ... wielding a +0 trident
              (5 damage)
             ... in the Dungeon (Sprint III: "The Ten Rune Challenge").
             The game lasted 00:03:26 (2576 turns).

mhtbhm the Basher (Gargoyle Berserker)              Turns: 2576, Time: 00:03:27

Health: 0/74       AC: 19    Str: 25    XL:     10   Next: 16%
Magic:  10/10      EV: 13    Int: 10    God:    Trog [*****.]
Gold:   32         SH:  0    Dex: 11    Spells: 9/9 levels left

rFire   . . .      SeeInvis .   a - +0 mace
rCold   . . .      Faith    .   (no shield)
rNeg    + . .      Spirit   .   b - +0 scale mail
rPois   ∞          Reflect  .   (helmet restricted)
rElec   +          Harm     .   (no cloak)
rCorr   .          Rampage  .   (no gloves)
Will    .....      NoTele   +   (no boots)
Stlth   ++........              (no amulet)
HPRegen 0.22/turn               i - +4 ring of protection
MPRegen 0.12/turn               (no ring)

@: on berserk cooldown, slowed, very slow
A: sickness immunity, AC +7, negative energy resistance 1, electricity
resistance, torment resistance 1, petrification resistance, beak, thin skeletal
structure 1, clever 1, noise suppression
a: Renounce Religion, Berserk, Trog's Hand, Brothers in Arms


You were in the Dungeon.
You worshipped Trog.
Trog was extremely pleased with you.
You visited 1 branch You collected 32 gold pieces.

Inventory:

Hand Weapons
 a - a +0 mace (weapon)
Armour
 b - a +0 scale mail (worn)
Jewellery
 i - a +4 ring of protection (left hand)
Scrolls
 k - a scroll of immolation {unknown}
 l - 2 scrolls of identify {unknown}
 n - a scroll of torment {unknown}
Potions
 c - a potion of curing
 e - a potion of haste
 f - 2 potions of magic
 g - a potion of berserk rage
 j - a potion of mutation
 m - 4 potions of flight
 o - a potion of attraction {unknown}
 p - 2 potions of might
Miscellaneous
 q - a phial of floods


   Skills:
 + Level 13.7 Fighting
 + Level 14.9 Maces & Flails
 + Level 9.7 Armour
 + Level 8.1 Dodging
 + Level 5.1 Stealth


You had 9 spell levels left.
You didn't know any spells.
Your spell library was empty.

Dungeon Overview and Level Annotations

Branches:
Dungeon (1/1)

Altars:
Cheibriados
Dithmenos
Elyvilon
Fedhas
Gozag
Hepliaklqana
Kikubaaqudgha
Makhleb
Nemelex Xobeh
Okawaru
Qazlal
Ru
Sif Muna
Trog
Uskayaw
Vehumet
Wu Jian
Xom
Yredelemnul
Zin
The Shining One
Beogh
Jiyva
Lugonu

Shops:
D ?


Innate Abilities, Weirdness & Mutations

You are immune to sickness and miasma.
Your stone body is resilient. (AC +7)
You are immune to poison.
You resist negative energy. (rN+)
You are resistant to electric shocks. (rElec)
You are resistant to unholy torment.
You are immune to petrification.
You have a beak for a mouth.
You have a somewhat thin skeletal structure. (Dex +2, Stealth+)
Your mind is acute. (Int +2)
You passively dampen the noise of your surroundings.


Message History

The orc high priest calls upon Beogh to heal the orc priest.
The orc priest is healed somewhat.
The orc priest misses you.
The orc wizard hits your two-headed ogre with a +0 dagger.
Your two-headed ogre misses the orc priest.
Your two-headed ogre hits the orc priest with a +0 giant club!
The neqoxec hits your two-headed ogre!
The ynoxinul hits your two-headed ogre but does no damage.
The orc high priest hits you from afar with a +0 trident!
The orc priest calls down the wrath of Beogh upon you.
Pain shoots through your body!
* * * LOW HITPOINT WARNING * * *
Unknown command.
You sock the orc priest!
You kill the orc priest!
Trog accepts your kill.
The orc priest calls down the wrath of Beogh upon you.
Beogh smites you!
* * * LOW HITPOINT WARNING * * *
Your two-headed ogre misses the neqoxec.
Your two-headed ogre hits the neqoxec with a +0 giant club!!
The orc wizard misses you. The neqoxec hits your two-headed ogre!
The ynoxinul gestures.
The orc high priest hits you but does no damage.
Unknown command.
You feel better.
Your two-headed ogre misses the neqoxec.
Your two-headed ogre hits the neqoxec with a +0 giant club!!
The neqoxec dies!
The neqoxec disappears in a puff of smoke!
The orc priest barely misses you.
The orc wizard hits you but does no damage.
The ufetubus hits you but does no damage. x2
The orc wizard points at you and mumbles some strange words.
The magic dart hits you!
* * * LOW HITPOINT WARNING * * *
The ynoxinul barely misses your two-headed ogre.
The orc high priest hits you from afar with a +0 trident.
* * * LOW HITPOINT WARNING * * *
The orc priest hits you from afar with a +0 trident.
You die...

▓▓▓ ▓▓ ♣.############ ####$$###
♣.#___#___#__###$$#$∩$$.
♣.#...#__)#._#$.3§o....#
♣.###'#'###)##.5Ooo....$
..#.....)..[.#.5@o{...#
♣.'.⌠....)...#)5##.#.$$#
♣.#...######)#)## # $
..#.⌠.#__#..)#'##################
..#...#__#...#.)..#.#.#.....#.^^.
..#)###__#...##.#..#.##.###.#....
..#.:)#__#...'##.#)#.##.#.)##..^^
..#___#__'...#...#..#..##..'..^..
▓▓▓▓▓▓▓▓▓▓▓▓▓▓▓▓▓▓▓▓▓▓▓▓▓▓▓#.....


You could see an orc high priest, a ynoxinul (summoned), an orc priest, 2 orc
wizards, 3 ufetubi and a friendly two-headed ogre (summoned, berserk).

Vanquished Creatures
  A deep elf pyromancer (D)
  3 wandering mushrooms (D)
  A shadow (D)
  A spatial vortex (D)
  A necrophage (D)
  4 two-headed ogres (D)
  A water elemental (D)
  3 orc priests (D)
  A jelly (D)
  A wizard (D)
  A necromancer (D)
  3 humans (D)
  A kobold demonologist (D)
  A wolf (D)
  5 orcs (D)
  An endoplasm (D)
  3 rats (D)
32 creatures vanquished.

Vanquished Creatures (collateral kills)
  Erolcha (D)
  2 redbacks (D)
  An orc warrior (D)
  A two-headed ogre (D)
  An orc priest (D)
  An orc wizard (D)
  2 orcs (D)
9 creatures vanquished.

Vanquished Creatures (others)
  A ballistomycete spore (D)
  2 plants (D)
3 creatures vanquished.

Grand Total: 44 creatures vanquished

Notes
Turn   | Place    | Note
-------+----------+-------------------------------------------
     0 | D        | mhtbhm the Gargoyle Berserker began the quest for the Orb.
     0 | D        | Reached XP level 1. HP: 14/14 MP: 1/1
    68 | D        | Reached ** piety under Trog
   147 | D        | Reached skill level 4 in Maces & Flails
   147 | D        | Reached XP level 2. HP: 6/20 MP: 2/2
   418 | D        | Reached skill level 5 in Fighting
   418 | D        | Reached skill level 5 in Maces & Flails
   418 | D        | Reached XP level 3. HP: 26/26 MP: 3/3
   448 | D        | Gained mutation: You have a somewhat thin skeletal
                  | structure. (Dex +2, Stealth+) [potion of mutation]
   448 | D        | Gained mutation: You have a beak for a mouth. [potion of
                  | mutation]
   448 | D        | Gained mutation: Your mind is acute. (Int +2) [potion of
                  | mutation]
   448 | D        | Gained mutation: You passively dampen the noise of your
                  | surroundings. [potion of mutation]
   530 | D        | Noticed a water elemental
   545 | D        | Killed a water elemental
   546 | D        | Reached skill level 6 in Maces & Flails
   546 | D        | Reached XP level 4. HP: 11/32 MP: 4/4
   795 | D        | Found a basalt altar of Yredelemnul.
   795 | D        | Found a shadowy altar of Dithmenos.
   795 | D        | Found a sacrificial altar of Ru.
   795 | D        | Noticed a necrophage
   806 | D        | Reached *** piety under Trog
   814 | D        | Killed a necrophage
   815 | D        | Reached skill level 7 in Maces & Flails
   815 | D        | Reached XP level 5. HP: 29/39 MP: 5/5
   913 | D        | Found a radiant altar of Vehumet.
   913 | D        | Found a shimmering blue altar of Sif Muna.
   913 | D        | Found an ancient bone altar of Kikubaaqudgha.
   916 | D        | Reached **** piety under Trog
   917 | D        | Reached skill level 8 in Maces & Flails
   917 | D        | Reached XP level 6. HP: 45/45 MP: 6/6
   919 | D        | Noticed a hellwing
  1011 | D        | Found a glowing silver altar of Zin.
  1011 | D        | Found a glowing golden altar of the Shining One.
  1011 | D        | Found a white marble altar of Elyvilon.
  1012 | D        | Noticed a deep elf pyromancer
  1021 | D        | Killed a deep elf pyromancer
  1022 | D        | Reached skill level 10 in Fighting
  1022 | D        | Reached skill level 10 in Maces & Flails
  1022 | D        | Reached skill level 5 in Armour
  1022 | D        | Reached skill level 5 in Dodging
  1022 | D        | Reached skill level 1 in Stealth
  1022 | D        | Reached XP level 7. HP: 53/53 MP: 7/7
  1075 | D        | Found a hide-covered altar of Uskayaw.
  1075 | D        | Found an iron altar of Okawaru.
  1075 | D        | Found a bloodstained altar of Trog.
  1075 | D        | Found an ornate altar of the Wu Jian Council.
  1075 | D        | Noticed a human
  1081 | D        | Killed a human
  1082 | D        | Reached skill level 11 in Maces & Flails
  1197 | D        | Noticed a human
  1209 | D        | Killed a human
  1209 | D        | Reached ***** piety under Trog
  1210 | D        | Reached XP level 8. HP: 56/60 MP: 8/8
  1257 | D        | Noticed a shadow
  1274 | D        | Killed a shadow
  1443 | D        | Found a blossoming altar of Fedhas.
  1443 | D        | Found a stormy altar of Qazlal.
  1443 | D        | Found a snail-covered altar of Cheibriados.
  1443 | D        | Found a burning altar of Makhleb.
  1443 | D        | Found a shimmering altar of Xom.
  1444 | D        | Found a hazy altar of Hepliaklqana.
  1444 | D        | Found an opulent altar of Gozag.
  1444 | D        | Found a sparkling altar of Nemelex Xobeh.
  1444 | D        | Found a corrupted altar of Lugonu.
  1444 | D        | Found a viscous altar of Jiyva.
  1461 | D        | Reached skill level 12 in Maces & Flails
  1619 | D        | Received a gift from Trog
  1912 | D        | Noticed a two-headed ogre
  1927 | D        | Killed a two-headed ogre
  1928 | D        | Reached skill level 13 in Maces & Flails
  1928 | D        | Reached XP level 9. HP: 65/65 MP: 9/9
  2008 | D        | Noticed a two-headed ogre
  2008 | D        | Noticed Erolcha
  2019 | D        | Killed a two-headed ogre
  2024 | D        | HP: 3/66 [something (26)]
  2032 | D        | Killed Erolcha
  2033 | D        | Reached skill level 14 in Maces & Flails
  2275 | D        | Noticed a wandering mushroom
  2284 | D        | Noticed a wandering mushroom
  2286 | D        | Noticed a wandering mushroom
  2307 | D        | Killed a wandering mushroom
  2432 | D        | Killed a wandering mushroom
  2433 | D        | Reached XP level 10. HP: 55/73 MP: 10/10
  2443 | D        | Reached skill level 5 in Stealth
  2559 | D        | Found Yrecwuga's Magic Scroll Emporium.
  2564 | D        | Noticed an orc high priest
  2570 | D        | Received a gift from Trog
  2576 | D        | Slain by an orc priest

Illustrated notes

Levels and vault maps discovered:
D:        dungeon_sprint_mu [sprint_mu_entry_forest, sprint_mu_temple_rooms,
          sprint_mu_d1_spiders, sprint_mu_d2_genie, sprint_mu_d3_branching,
          sprint_mu_orc_legion, sprint_mu_elf_gauntlet, sprint_mu_hive_nellie,
          sprint_mu_lair_fedhas, sprint_mu_vaults_butterflies,
          sprint_mu_slime_circle, sprint_mu_swamp_cave, sprint_mu_shoals_archi,
          sprint_mu_blade_basic, sprint_mu_crypt_chambers,
          sprint_mu_tomb_spiral, sprint_mu_vestibule_basic,
          sprint_mu_gehenna_hellfire, sprint_mu_dis_giant,
          sprint_mu_tartarus_statrot, sprint_mu_cocytus_islands, sprint_mu_zot1]

Skill      XL: |  1  2  3  4  5  6  7  8  9 10 |
---------------+-------------------------------+-----
Fighting       | 4 5 6 8 10 11 12 13 | 13.7
Maces & Flails | 4 5 6 7 8 10 11 13 14 | 14.9
Dodging        | 2 3 5 6 7 8 |  8.1
Armour         | 3 4 5 6 9 |  9.7
Stealth        | 1 3 4 5 |  5.1

Action                   |  1- 3 |  4- 6 |  7- 9 | 10-12 || total
-------------------------+-------+-------+-------+-------++-------
Melee: Mace              |    26 |    33 |   100 |    23 ||   182
       Peck              |     2 |     6 |    15 |     5 ||    28
       Punch             |       |       |     2 |     2 ||     4
Invok: Berserk           |     3 |     2 |     5 |     1 ||    11
       Brothers in Arms  |       |       |     2 |     1 ||     3
  Use: Potion            |     1 |       |     2 |     1 ||     4
       Scroll            |       |       |     1 |       ||     1
 Stab: Sleeping          |       |       |     1 |       ||     1
Armor: Animal skin       |     6 |     2 |       |       ||     8
       Robe              |       |    10 |     4 |       ||    14
       Scale mail        |       |       |    22 |     7 ||    29
Dodge: Dodged            |     5 |    18 |    40 |    18 ||    81

Table legend: (Time is in decaauts)
 A = Elapsed time spent in this place.
 B = Non-inter-level travel time spent in this place.
 C = Inter-level travel time spent in this place.
 D = Time resting spent in this place.
 E = Time spent auto-exploring this place.
 F = Levels seen in this place.
 G = Mean time per level.
                   A        B        C        D        E       F      G
               +--------+--------+--------+--------+--------+-----+--------+
         Total |   2643 |   2643 |      0 |   2047 |     53 |   1 | 2643.0 |
       Dungeon |   2643 |   2643 |      0 |   2047 |     53 |   1 | 2643.0 |
               +--------+--------+--------+--------+--------+-----+--------+

Top non-repeatable levels by time:
       D: 2643 daAuts
